 Dungeon Crawl Stone Soup version 0.27.1-4-g1640c2035a (webtiles) character file.

Game seed: 5755817051599684148

53 zeram the Sneak (level 3, -3/19 HPs)
             Began as a Deep Elf Enchanter on Nov 18, 2021.
             Killed by divine providence
             ... invoked by an orc priest
              (9 damage)
             ... on level 3 of the Dungeon.
             The game lasted 00:04:22 (2866 turns).

zeram the Sneak (Deep Elf Enchanter)                Turns: 2866, Time: 00:04:24

Health: -3/19      AC:  2    Str: 11    XL:     3   Next: 62%
Magic:  1/10       EV: 12    Int: 20    God:
Gold:   103        SH:  0    Dex: 15    Spells: 3/9 levels left

rFire    . . .     SeeInvis .   a - +1 dagger
rCold    . . .     Faith    .   (no shield)
rNeg     . . .     Spirit   .   b - +0 robe
rPois    .         Reflect  .   (no helmet)
rElec    .         Harm     .   (no cloak)
rCorr    .         Rampage  .   (no gloves)
Will     .....                  (no boots)
Stlth    +++.......             (no amulet)
HPRegen  0.06/turn              c - +6 ring of strength
MPRegen  0.12/turn              (no ring)

@: no status effects
A: no striking features
a: no special abilities


You were on level 3 of the Dungeon.
You visited 1 branch of the dungeon, and saw 3 of its levels.

You collected 103 gold pieces.

Inventory:

Hand Weapons
 a - a +1 dagger (weapon)
Armour
 b - a +0 robe (worn)
 d - a +0 buckler
Jewellery
 c - a +6 ring of strength (left hand)
Scrolls
 e - 4 scrolls of identify
 f - 2 scrolls of enchant weapon {unknown}
 g - a scroll of teleportation


   Skills:
 + Level 1.8 Short Blades
 + Level 2.6 Dodging
 + Level 4.9 Stealth
 + Level 3.5 Spellcasting
 - Level 4.0 Hexes
 + Level 0.5 Ice Magic


You had 3 spell levels left.
You knew the following spells:

 Your Spells              Type           Power      Damage    Failure   Level
a - Corona                Hex            21%        N/A       2%          1
b - Ensorcelled Hibernat  Hex/Ice        24%        N/A       9%          2
c - Tukima's Dance        Hex            19%        N/A       8%          3

Your spell library contained the following spells:

 Spells                   Type           Power      Damage    Failure   Level
 Confusing Touch          Hex            19%        N/A       8%          3
 Animate Skeleton         Necr           6%         N/A       14%         1
 Dazzling Flash           Conj/Hex       22%        N/A       19%         3


Dungeon Overview and Level Annotations

Branches:
Dungeon (3/15)

Altars:


Message History

Confirm with . or Enter, or press ? or * to list all spells.
Aiming: Ensorcelled Hibernation (safe; 9% risk of failure)
Press: ? - help, Shift-Dir - straight line, f - orc
Aim: an orc, wielding a +0 trident and wearing a +0 leather armour (almost dead, chance to affect: 61%)
The orc looks drowsy...
The orc priest shouts!
The helpless orc fails to defend itself.
You impale the orc!!
You kill the orc!
Casting: Ensorcelled Hibernation (safe; 9% risk of failure)
Confirm with . or Enter, or press ? or * to list all spells.
Aiming: Ensorcelled Hibernation (safe; 9% risk of failure)
Press: ? - help, Shift-Dir - straight line, f - orc
Aim: an orc, wielding a +0 hand axe (chance to affect: 61%)
The orc resists with significant effort.
The orc hits you with a +0 hand axe.
Casting: Ensorcelled Hibernation (safe; 9% risk of failure)
Confirm with . or Enter, or press ? or * to list all spells.
Aiming: Ensorcelled Hibernation (safe; 9% risk of failure)
Press: ? - help, Shift-Dir - straight line, f/p - orc
Aim: an orc, wielding a +0 hand axe (chance to affect: 61%)
The orc resists with significant effort.
Casting: Ensorcelled Hibernation (safe; 9% risk of failure)
Confirm with . or Enter, or press ? or * to list all spells.
Aiming: Ensorcelled Hibernation (safe; 9% risk of failure)
Press: ? - help, Shift-Dir - straight line, f/p - orc
Aim: an orc, wielding a +0 hand axe (chance to affect: 61%)
The orc looks drowsy...
The helpless orc fails to defend itself.
You impale the orc!!
You kill the orc!
Casting: Ensorcelled Hibernation (safe; 9% risk of failure)
Confirm with . or Enter, or press ? or * to list all spells.
Aiming: Ensorcelled Hibernation (safe; 9% risk of failure)
Press: ? - help, Shift-Dir - straight line, f - orc priest
Aim: an orc priest, wielding a +0 club and wearing a +0 leather armour of willpower (chance to affect: 14%)
The orc priest resists with almost no effort.
The orc priest invokes the aid of Beogh against you.
Beogh smites you!
You die...

##. #.. #.#
#o# #o# ####
#.#
.....##)#####
#.(..#@..#
#..o..)..#
#.####...#
#>#####.#####
#...........#
#.#####...#.#
##...#<#
#......# ##
##......##..#


You could see an orc priest.

Vanquished Creatures
  A dart slug (D:2)
  3 orcs
  2 bats
  8 endoplasms
  3 giant cockroaches
  5 goblins
  2 hobgoblins
  3 jackals (D:2)
  2 kobolds (D:2)
  A quokka (D:2)
  3 ball pythons (D:1)
  3 frilled lizards (D:1)
  5 rats (D:2)
41 creatures vanquished.

Notes
Turn   | Place    | Note
-------+----------+-------------------------------------------
     0 | D:1      | zeram the Deep Elf Enchanter began the quest for the Orb.
     0 | D:1      | Reached XP level 1. HP: 10/10 MP: 6/6
   400 | D:1      | Reached XP level 2. HP: 8/15 MP: 6/8
   605 | D:1      | Learned a level 2 spell: Ensorcelled Hibernation
   973 | D:1      | Found a faded altar of an unknown god.
   983 | D:1      | Got Plato's Tome of Black Rituals
  1793 | D:2      | Reached XP level 3. HP: 19/19 MP: 4/9
  2205 | D:2      | Learned a level 3 spell: Tukima's Dance
  2866 | D:3      | Killed from afar by an orc priest

Illustrated notes

Levels and vault maps discovered:
D:1:      minmay_arrival_arboretum_small, layout_basic,
          shapermc_ecumenical_altar_rom_forum, minmay_cupped
D:2:      layout_loops_cross
D:3:      layout_loops_ring, serial_aquarium, aquarium_bridge_straight
          [aquarium_subvault_bridge, aquarium_subvault_wall,
          aquarium_subvault_bridge, aquarium_subvault_wall], aquarium_window_1,
          aquarium_window_corner, aquarium_view_2f, aquarium_view_2c,
          aquarium_balcony_3a, aquarium_pool_S

Skill      XL: |  1 |
---------------+----+-----
Stealth        | 4 |  4.9
Short Blades   | |  1.8
Dodging        | |  2.6
Spellcasting   | |  3.5
Hexes          | |  4.0
Ice Magic      | |  0.5

Action                   || total
-------------------------++-------
Melee: Dagger            ||   109
 Cast: Corona            ||     6
       Ensorcelled Hiber ||    28
  Use: Scroll            ||     2
 Stab: Sleeping          ||    25
Armor: Robe              ||    17
Dodge: Dodged            ||    62
